 Dungeon Crawl Stone Soup version 0.21-a0-404-g291f19a (webtiles) character file.

273525 zero the Executioner (level 20, -2/118 HPs)
             Began as a Gargoyle Berserker on Oct 26, 2017.
             Was the Champion of Trog.
             Killed from afar by a deep elf annihilator (45 damage)
             ... with a crystal spear
             ... on level 2 of the Elven Halls.
             The game lasted 00:58:44 (32223 turns).

zero the Executioner (Gargoyle Berserker)          Turns: 32223, Time: 00:58:44

Health: -2/118     AC: 38    Str: 25 (26) XL:     20   Next: 29%
Magic:  0/16       EV:  6    Int:  8      God:    Trog [******]
Gold:   2812       SH: 20    Dex:  6 (7)  Spells: 19/19 levels left

rFire    . . .     SeeInvis .   L - +8 broad axe (vamp)
rCold    . . .     Gourm    .   A - +0 large shield
rNeg     + . .     Faith    .   F - +0 plate armour
rPois    ∞         Spirit   +   D - +0 hat {MR+}
rElec    +         Reflect  .   o - +0 cloak
rCorr    +         Harm     .   i - +2 pair of gloves
MR       +++++                  z - +2 pair of boots
Stlth    ..........             J - amulet of guardian spirit
HPRegen  1.00/turn              u - +4 ring of protection
MPRegen  0.15/turn              C - ring of resist corrosion

@: corroded, berserk cooldown, flying, regenerating, slowed, very slow
A: big wings, beak, hooves 1, yellow scales 1, clumsy 1, deformed body,
deterioration 1, dopey 1, frail 1, low mp 2, magic resistance 1, negative energy
resistance 1, screaming 1, electricity resistance, inhibited regeneration, weak
1, unbreathing, petrification resistance, rot immunity, AC +15
}: 2/15 runes: decaying, gossamer
a: Stop Flying, Berserk, Trog's Hand, Brothers in Arms, Burn Spellbooks,
Renounce Religion


You were on level 2 of the Elven Halls.
You worshipped Trog.
Trog was exalted by your worship.
You were not hungry.

You visited 7 branches of the dungeon, and saw 37 of its levels.
You also visited: Labyrinth and Sewer.

You collected 3438 gold pieces.
You spent 626 gold pieces at shops.

Inventory:

Hand Weapons
 L - a +8 vampiric broad axe (weapon)
Armour
 i - a +2 pair of gloves (worn)
 o - a +0 cloak (worn)
 z - a +2 pair of boots (worn)
 A - a +0 large shield (worn)
 D - a +0 hat of magic resistance (worn)
 F - a +0 plate armour (worn)
 G - a +0 shield of reflection
Jewellery
 d - an uncursed amulet of the gourmand
 h - an uncursed ring of protection from magic
 u - a +4 ring of protection (left hand)
 C - a ring of resist corrosion (right hand)
 J - an amulet of guardian spirit (around neck)
 T - the ring of Zeun Jah {rC+ Dex-3 SInv Stlth+}
   (You found it on level 12 of the Dungeon)

   [ring of stealth]

   It affects your dexterity (-3).
   It protects you from cold.
   It lets you see invisible.
   It makes you more stealthy.
 X - an uncursed ring of positive energy
Wands
 e - a wand of acid (7/15)
 m - a wand of paralysis (14/24)
 n - a wand of digging (19/24)
 x - a wand of iceblast (11/15)
 y - a wand of disintegration (10/24)
 E - a wand of lightning (2/15)
 O - a wand of iceblast (2/15)
 P - a wand of clouds (3/9)
 S - a wand of scattershot (5/9)
 Z - a wand of flame (24/48)
Scrolls
 b - 8 scrolls of enchant armour
 l - 12 scrolls of remove curse
 p - 8 scrolls of magic mapping
 s - 12 scrolls of teleportation
 v - 3 scrolls of identify
 H - 7 scrolls of recharging
 I - 2 scrolls of enchant weapon
 R - 5 scrolls of fear
 U - 3 scrolls of blinking
Potions
 a - 5 potions of haste
 f - 16 potions of curing
 g - 4 potions of might
 j - 5 potions of resistance
 k - 4 potions of agility
 q - 4 potions of invisibility
 r - 6 potions of brilliance
 t - 4 potions of berserk rage
 B - 3 potions of lignification
 V - 2 potions of magic
Comestibles
 c - 16 bread rations
 w - 2 meat rations
 N - 3 fruits
 W - 3 royal jellies


   Skills:
 + Level 16.2 Fighting
 * Level 21.6 Axes
 + Level 16.0 Armour
 - Level 1.5 Dodging
 + Level 15.8 Shields


You had 19 spell levels left.
You didn't know any spells.

Dungeon Overview and Level Annotations

Branches:
Dungeon (15/15)            Temple (0/1) D:5            Lair (6/6) D:9
  Swamp (4/4) Lair:3       Spider (4/4) Lair:2        Slime (4/5) Lair:6
    Orc (2/2) D:9             Elf (2/3) Orc:2        Vaults (0/5) D:14
 Depths (0/5) D:15

Altars:
Ashenzari
Dithmenos
Fedhas
Hepliaklqana
Kikubaaqudgha
Makhleb
Nemelex Xobeh
Qazlal
Ru
Sif Muna
Trog
Vehumet
Wu Jian
Xom
Beogh
Jiyva

Shops:
D:8 [   Orc:2 (%%?   Elf:1 (

Annotations:
D:6 Dowan


Innate Abilities, Weirdness & Mutations

You are resistant to torment.
Your stone body is resilient. (AC +15)
You are immune to poison.
Your large and strong wings let you fly indefinitely.
You resist negative energy. (rN+)
You are resistant to electric shocks. (rElec)
You can survive without breathing.
You are immune to petrification.
You are immune to rotting.
You have a beak for a mouth.
You have large cloven feet.
You are partially covered in yellow scales. (AC +2)
You are clumsy. (Dex -2)
Armour fits poorly on your strangely shaped body.
Your body sometimes deteriorates upon taking damage.
You are dopey. (Int -2)
You are frail. (-10% HP)
Your magical capacity is very low. (-20% MP)
You are resistant to hostile enchantments. (MR+)
You occasionally shout uncontrollably at your foes.
You do not regenerate when monsters are visible.
You are weak. (Str -2)


Message History

You closely miss the deep elf demonologist.
The deep elf demonologist is severely wounded.
You slash the deep elf annihilator!
You feel better.
You miss something.
You are no longer berserk.
You are exhausted.
You feel as though you will be slow longer.
You block the deep elf annihilator's attack.
Something hits you but does no damage.
You closely miss the deep elf annihilator.
Your peck misses the deep elf annihilator.
The deep elf annihilator is almost dead.
You slice the deep elf high priest!! You hit something but do no damage.
You slash the deep elf demonologist!
You feel better.
Your plate armour prevents you from hitting the chaos spawn.
The deep elf demonologist mumbles some strange words.
You block the deep elf high priest's attack.
You block the red devil's attack. Something hits you but does no damage.
The deep elf annihilator gestures at you while chanting.
The crystal spear hits you!
You die...

##############
#.:.).§.(((..#
#.''')§e''''.#
#.')'e(14'+
#.''')@e4'+
#.''24e{.'+ ##
#.'''.?§.'+ .#
#.'+'.:(.++
.####
##.'++...[+
.##.##
###..'+++++++
.....###..).'+
............'
......####.##


You could see a reaper, a deep elf annihilator, an Executioner, a deep elf
demonologist, a deep elf archer, a deep elf high priest, a rust devil, a chaos
spawn and a red devil.

Vanquished Creatures
  Nikola (Swamp:1)
  A deep elf blademaster (Elf:2)
  A deep elf master archer (Elf:2)
  10 acid blobs
  Asterion (Spider:2)
  Frances (Swamp:2)
  Gastronok (D:9)
  Agnes (Spider:2)
  The ghost of Nico3ck the Pandemonic, an adept FoFi of Makhleb (Swamp:1)
  2 thorn hunters
  Kirke (Spider:1)
  4 azure jellies
  Donald (Swamp:1)
  3 ghost moths
  A deep elf sorcerer (Elf:2)
  Aizul (Spider:3)
  2 orc warlords (Orc:2)
  8 emperor scorpions
  A very ugly thing (Swamp:3)
  5 entropy weavers
  2 deep elf demonologists
  A dire elephant (D:15)
  A spark wasp (Spider:4)
  A deep elf death mage (Elf:2)
  A minotaur (Lab)
  2 great orbs of eyes
  Josephine (Orc:1)
  2 deep elf high priests (Elf:2)
  20 hydras
  2 vault guards (D:14)
  Harold (Lair:3)
  2 ghost crabs
  4 ogre magi (Orc:2)
  8 catoblepae
  3 centaur warriors
  17 two-headed ogres
  7 dancing weapons
  11 alligators
  Erica (D:8)
  A tengu warrior (D:10)
  A queen ant (Spider:4)
  A spriggan berserker (Swamp:4)
  9 death yaks (Lair:6)
  Sonja (D:10)
  2 deep elf knights
  A large abomination (Swamp:2)
  3 shambling mangroves
  A death drake (Swamp:2)
  2 unseen horrors
  3 spectral hydras (Swamp:2)
  A deep elf archer (Elf:2)
  6 spriggan druids
  2 orc knights
  17 swamp dragons
  A wizard (D:15)
  A harpy (shapeshifter) (D:14)
  A phantasmal warrior (Swamp:2)
  3 necromancers
  A salamander (D:15)
  Pikel (D:4)
  11 orb spiders
  15 deep elf magi
  3 ugly things
  16 wolf spiders
  9 shining eyes
  An orc sorcerer (Orc:2)
  5 manticores
  4 cyclopes
  5 black mambas
  6 elephants (Lair:6)
  2 moths of wrath
  17 spiny frogs
  A torpor snail (Lair:5)
  An eye of devastation (Slime:2)
  4 swamp worm zombies (Swamp:2)
  12 demonic crawlers
  A rime drake (Lair:4)
  9 komodo dragons
  2 tengu conjurers (D:13)
  2 polar bears
  7 trolls
  26 jumping spiders
  3 meliai (Spider:2)
  A troll (shapeshifter) (D:14)
  13 hornets
  7 tyrant leeches
  A merfolk (D:15)
  Grinder (D:4)
  15 bog bodies
  87 slime creatures
  A harpy skeleton (D:15)
  3 spectral swamp dragons (Swamp:2)
  2 alligator zombies (Swamp:2)
  11 blink frogs
  The ghost of PeterMcNeter the Shield-Bearer, an amateur GrFi of Ru (D:3)
  7 spriggans
  12 hippogriffs
  69 redbacks
  6 shadows
  A meliai zombie (D:12)
  Eustachio (D:4)
  A redback (shapeshifter) (Elf:2)
  6 hogs (Spider:1)
  30 tarantellas
  5 wraiths
  9 basilisks
  3 wyverns
  The ghost of CasualChangeling the Slasher, an amateur DrBe of Trog (D:7)
  63 yaks
  A vampire (D:14)
  20 humans (D:14)
  16 golden eyes
  6 hungry ghosts
  A fire elemental (Elf:1)
  12 vampire mosquitoes
  2 wargs (Orc:2)
  8 insubstantial wisps
  4 soldier ants
  20 swamp worms
  An acid dragon (D:15)
  7 spiny frog zombies (Swamp:2)
  6 water moccasins
  14 porcupines
  Duvessa (D:6)
  2 hornet zombies (D:15)
  14 swamp drakes
  29 orc warriors
  7 eyes of draining
  4 ice beasts
  7 sky beasts
  2 slaves (D:4)
  6 phantoms
  10 wolves
  26 ogres
  5 centaurs
  11 crocodiles
  19 bullfrogs
  2 earth elementals
  3 scorpions
  A wyvern skeleton (D:14)
  A spriggan zombie (Swamp:2)
  10 killer bees
  2 troll zombies (Swamp:2)
  A spriggan skeleton (Lab)
  12 wights
  4 howler monkeys
  5 electric eels
  2 centaur zombies
  2 quasits
  A bullfrog zombie (D:7)
  4 crimson imps
  5 hounds
  18 orc priests
  6 jellies
  26 orc wizards
  A bullfrog skeleton (D:7)
  6 centaur skeletons
  Jessica (D:3)
  2 iguanas (D:11)
  14 worker ants
  2 hound zombies
  A hound skeleton (D:7)
  6 gnolls
  2 river rats (D:3)
  2 worker ant zombies
  13 adders
  2 shadow imps
  8 oozes
  2 adder skeletons
  5 worms
  2 dart slugs
  10 leopard geckos
  113 orcs
  4 giant cockroaches
  9 goblins
  11 hobgoblins
  17 jackals
  5 kobolds
  8 quokkas
  3 ball pythons
  16 bats
  5 frilled lizards
  2 jackal zombies
  A leopard gecko skeleton (D:4)
  A quokka skeleton (D:7)
  2 rats (D:3)
  A briar patch (Swamp:3)
  5 bushes (D:4)
  5 fungi
  3 plants
  A withered plant (Swamp:2)
1369 creatures vanquished.

Vanquished Creatures (collateral kills)
  2 acid blobs
  An azure jelly (Slime:4)
  A deep elf high priest (Elf:2)
  A slime creature (Slime:4)
  A deep elf mage (Elf:2)
  An air elemental (Elf:2)
  A redback (Spider:2)
  A golden eye (Slime:3)
  An orc warrior (D:10)
  2 eyes of draining
  A gnoll sergeant (D:10)
  2 orc priests (D:10)
  A hound (D:10)
  A shadow imp (D:10)
  2 orcs (D:10)
  A fungus (Lair:3)
20 creatures vanquished.

Vanquished Creatures (others)
  An emperor scorpion (Spider:4)
  A hydra (Swamp:1)
  A manticore (Lair:5)
  2 hornets
  A spriggan (Swamp:1)
  2 insubstantial wisps (Swamp:3)
  A swamp drake (Swamp:1)
  2 orcs
  2 briar patches (Swamp:3)
  5 fungi
18 creatures vanquished.

Grand Total: 1407 creatures vanquished

Notes
Turn   | Place    | Note
-------+----------+-------------------------------------------
     0 | D:1      | zero the Gargoyle Berserker began the quest for the Orb.
     0 | D:1      | Reached XP level 1. HP: 14/14 MP: 1/1
    67 | D:1      | Reached skill level 3 in Axes
   342 | D:1      | Reached XP level 2. HP: 15/19 MP: 2/2
   814 | D:1      | Reached XP level 3. HP: 20/23 MP: 3/3
  1269 | D:2      | Reached ** piety under Trog
  1269 | D:2      | Reached skill level 4 in Axes
  1295 | D:2      | Reached XP level 4. HP: 25/28 MP: 4/4
  1314 | D:2      | Found a stormy altar of Qazlal.
  1316 | D:2      | Found a blossoming altar of Fedhas.
  1365 | D:2      | Found a shimmering altar of Xom.
  1976 | D:3      | Reached skill level 5 in Axes
  1976 | D:3      | Reached XP level 5. HP: 24/32 MP: 5/5
  2144 | D:3      | Found a shattered altar of Ashenzari.
  2251 | D:3      | Noticed PeterMcNeter's ghost (amateur GrFi)
  2255 | D:3      | Noticed Jessica
  2261 | D:3      | Killed Jessica
  2261 | D:3      | Reached skill level 1 in Shields
  2272 | D:3      | Killed PeterMcNeter's ghost
  2272 | D:3      | Reached *** piety under Trog
  2272 | D:3      | Reached XP level 6. HP: 23/38 MP: 6/6
  2288 | D:3      | Found a glowing drain.
  2297 | Sewer    | Entered a sewer
  3090 | D:3      | Found a shadowy altar of Dithmenos.
  3177 | D:3      | Reached XP level 7. HP: 43/43 MP: 7/7
  3593 | D:4      | Noticed Eustachio
  3618 | D:4      | Killed Eustachio
  3618 | D:4      | Reached skill level 6 in Axes
  3650 | D:4      | Reached **** piety under Trog
  3987 | D:4      | Noticed Pikel
  4008 | D:4      | Killed Pikel
  4008 | D:4      | Reached skill level 5 in Fighting
  4008 | D:4      | Reached skill level 7 in Axes
  4008 | D:4      | Reached XP level 8. HP: 49/49 MP: 8/8
  4133 | D:4      | Found a sacrificial altar of Ru.
  4133 | D:4      | Noticed Grinder
  4138 | D:4      | Paralysed by Grinder for 6 turns
  4153 | D:4      | Killed Grinder
  4153 | D:4      | Reached skill level 5 in Armour
  4724 | D:5      | Entered Level 5 of the Dungeon
  4814 | D:5      | Found an ancient bone altar of Kikubaaqudgha.
  5113 | D:5      | Reached XP level 9. HP: 48/55 MP: 9/9
  5235 | D:5      | Found a staircase to the Ecumenical Temple.
  5330 | D:6      | Noticed Duvessa
  5334 | D:6      | Noticed Dowan
  5343 | D:6      | Killed Duvessa
  5348 | D:6      | You fall through a shaft!
  5369 | D:7      | Reached skill level 5 in Shields
  5381 | D:7      | Gained mutation: You possess an exceptional clarity of mind. [mutagenic meat]
  5382 | D:7      | Gained mutation: Your spells are a little easier to cast, but a little less powerful. [mutagenic meat]
  5383 | D:7      | Gained mutation: You are partially covered in yellow scales. (AC +2) [mutagenic meat]
  5384 | D:7      | Gained mutation: You are agile. (Dex +2) [mutagenic meat]
  5385 | D:7      | Gained mutation: You occasionally shout uncontrollably at your foes. [mutagenic meat]
  5444 | D:7      | Reached skill level 8 in Axes
  5505 | D:7      | Found a radiant altar of Vehumet.
  5509 | D:7      | Found an ancient bone altar of Kikubaaqudgha.
  5510 | D:7      | Found a deep blue altar of Sif Muna.
  5515 | D:7      | Identified Kikubaaqudgha's Grimoire of Black Secrets
  5633 | D:7      | Noticed CasualChangeling's ghost (amateur DrBe)
  5646 | D:7      | Killed CasualChangeling's ghost
  5821 | D:7      | Reached ***** piety under Trog
  6249 | D:8      | Found Vagiz's Armour Boutique.
  6292 | D:8      | Bought a +0 helmet for 58 gold pieces
  6310 | D:8      | Received a gift from Trog
  6376 | D:8      | Reached skill level 9 in Axes
  6584 | D:8      | Lost mutation: Your spells are a little easier to cast, but a little less powerful. [mutagenic meat]
  6585 | D:8      | Gained mutation: Potions are less effective at restoring your health. [mutagenic meat]
  6648 | D:8      | You fall through a shaft for 2 floors!
  6648 | D:10     | Entered Level 10 of the Dungeon
  6698 | D:10     | Reached XP level 10. HP: 63/63 MP: 10/10
  6743 | D:9      | Found a staircase to the Lair.
  6743 | D:9      | Noticed a two-headed ogre
  6746 | D:9      | Noticed Gastronok
  6759 | D:9      | Killed a two-headed ogre
  6779 | D:9      | Killed Gastronok
  6779 | D:9      | Reached skill level 10 in Axes
  6801 | D:9      | Lost mutation: You are agile. (Dex +2) [potion of mutation]
  6801 | D:9      | Lost mutation: Potions are less effective at restoring your health. [potion of mutation]
  6801 | D:9      | Lost mutation: You possess an exceptional clarity of mind. [potion of mutation]
  6801 | D:9      | Gained mutation: Your body sometimes deteriorates upon taking damage. [potion of mutation]
  6801 | D:9      | Gained mutation: You evolve. [potion of mutation]
  6802 | D:9      | Lost mutation: You occasionally shout uncontrollably at your foes. [potion of mutation]
  6802 | D:9      | Lost mutation: Your body sometimes deteriorates upon taking damage. [potion of mutation]
  6802 | D:9      | Gained mutation: You have a beak for a mouth. [potion of mutation]
  6802 | D:9      | Gained mutation: You are resistant to hostile enchantments. (MR+) [potion of mutation]
  6802 | D:9      | Gained mutation: You have large cloven feet. [potion of mutation]
  6947 | D:9      | Found a staircase to the Orcish Mines.
  7140 | D:9      | Found a burning altar of Makhleb.
  7140 | D:9      | Found a bloodstained altar of Trog.
  7144 | D:9      | Found a sacrificial altar of Ru.
  7144 | D:9      | Found a sparkling altar of Nemelex Xobeh.
  7152 | D:9      | Reached XP level 11. HP: 64/69 MP: 11/11
  7856 | D:8      | Noticed Erica
  7873 | D:8      | Killed Erica
  7906 | D:8      | Found a hazy altar of Hepliaklqana.
  7908 | D:8      | Found an ornate altar of the Wu Jian Council.
  8015 | Lair:1   | Entered Level 1 of the Lair of Beasts
  8075 | Lair:1   | Reached skill level 11 in Axes
  8336 | Lair:1   | Received a gift from Trog
  8437 | Lair:1   | Noticed a five-headed hydra
  8459 | Lair:1   | HP: 5/106 [11-headed hydra (9)]
  8460 | Lair:1   | Killed an 11-headed hydra
  8487 | Lair:1   | HP: 2/71 [blink frog (10)]
  8958 | Lair:1   | Reached XP level 12. HP: 45/77 MP: 12/12
  9642 | Lair:2   | Found a labyrinth entrance.
  9662 | Lab      | Entered a labyrinth
  9836 | Lab      | Noticed a minotaur
  9850 | Lab      | Killed a minotaur
  9862 | Lab      | Got a flickering bone ring
  9863 | Lab      | Got a scorched leather armour
  9979 | Lair:2   | Identified the +4 leather armour of Daeco {rElec rPois rF- Int+5} (You found it in a labyrinth)
 10014 | Lair:2   | Identified the ring of Cettufeo {rPois MP+9 Str-3 Slay+3} (You found it in a labyrinth)
 10031 | Lair:2   | Reached skill level 12 in Axes
 10036 | Lair:2   | Reached skill level 10 in Fighting
 10049 | Lair:2   | Noticed a catoblepas
 10061 | Lair:2   | Killed a catoblepas
 10432 | Lair:2   | Found a hole to the Spider Nest.
 10727 | Lair:3   | Reached skill level 10 in Armour
 11059 | Lair:3   | Reached skill level 10 in Shields
 11391 | Lair:3   | Found a staircase to the Swamp.
 11448 | Lair:3   | Reached XP level 13. HP: 72/83 MP: 13/13
 11493 | Lair:3   | Noticed Harold
 11508 | Lair:3   | Killed Harold
 11591 | Lair:4   | Reached skill level 13 in Axes
 11654 | Lair:4   | Gained mutation: You are robust. (+10% HP) [evolution]
 11713 | Lair:4   | Got a faintly humming scale mail
 11724 | Lair:4   | Identified the +9 scale mail "Durattol" {rElec MR- Slay-4 SInv} (You found it on level 4 of the Lair of Beasts)
 11779 | Lair:4   | Received a gift from Trog
 11916 | Lair:4   | Got a distressingly furry helmet
 13314 | Lair:6   | Entered Level 6 of the Lair of Beasts
 13430 | Lair:6   | Reached skill level 14 in Axes
 13581 | Lair:6   | Found a runed door.
 13581 | Lair:6   | Found a viscous altar of Jiyva.
 13587 | Lair:6   | Found a staircase to the Slime Pits.
 13783 | Lair:6   | Gained mutation: Your large and strong wings let you fly indefinitely. [Gargoyle growth]
 13783 | Lair:6   | Reached XP level 14. HP: 100/100 MP: 14/14
 13986 | Lair:6   | Reached skill level 15 in Axes
 14576 | Lair:3   | Lost mutation: You evolve. [end of evolution]
 14634 | Orc:1    | Entered Level 1 of the Orcish Mines
 14733 | Orc:2    | Entered Level 2 of the Orcish Mines
 14733 | Orc:2    | Found a staircase to the Elven Halls.
 14752 | Orc:2    | Received a gift from Trog
 14780 | Orc:2    | Noticed an orc warlord
 14807 | Orc:2    | Killed an orc warlord
 14816 | Orc:2    | Noticed an orc warlord
 14830 | Orc:2    | Killed an orc warlord
 14834 | Orc:2    | Reached skill level 16 in Axes
 14945 | Orc:1    | Noticed Josephine
 14965 | Orc:1    | Killed Josephine
 15137 | Orc:2    | Found a roughly hewn altar of Beogh.
 15190 | Orc:2    | Reached ****** piety under Trog
 15210 | Orc:2    | Reached XP level 15. HP: 105/105 MP: 15/15
 15214 | Orc:2    | Received a gift from Trog
 15225 | Orc:2    | Reached skill level 17 in Axes
 15324 | Orc:2    | Found Oshruq's Food Shop.
 15324 | Orc:2    | Found Focit's Magic Scroll Shoppe.
 15325 | Orc:2    | Found Uxel's Antique Weapon Emporium.
 15325 | Orc:2    | Found Owuif's Food Shop.
 15335 | Orc:2    | Bought a scroll of enchant weapon for 112 gold pieces
 15335 | Orc:2    | Bought a scroll of identify for 30 gold pieces
 15335 | Orc:2    | Bought a scroll of enchant armour for 112 gold pieces
 15335 | Orc:2    | Bought 3 scrolls of identify for 90 gold pieces
 15335 | Orc:2    | Bought a scroll of identify for 30 gold pieces
 15335 | Orc:2    | Bought a scroll of blinking for 112 gold pieces
 15335 | Orc:2    | Bought a scroll of identify for 30 gold pieces
 15335 | Orc:2    | Bought a scroll of magic mapping for 52 gold pieces
 16178 | D:10     | Noticed Sonja
 16185 | D:10     | Killed Sonja
 16463 | D:10     | Received a gift from Trog
 17874 | D:12     | Reached skill level 18 in Axes
 17942 | D:12     | Got a coiled bronze ring
 18248 | D:12     | Identified the ring of Zeun Jah {rC+ Dex-3 SInv Stlth+} (You found it on level 12 of the Dungeon)
 18764 | D:13     | Received a gift from Trog
 19792 | D:14     | Reached XP level 16. HP: 111/111 MP: 16/16
 19869 | D:14     | Found a gate to the Vaults.
 19941 | D:15     | Entered Level 15 of the Dungeon
 19998 | D:15     | Received a gift from Trog
 20320 | D:15     | Found an ornate altar of the Wu Jian Council.
 20431 | D:15     | Found a staircase to the Depths.
 21025 | Swamp:1  | Entered Level 1 of the Swamp
 21044 | Swamp:1  | Noticed Nikola
 21097 | Swamp:1  | Killed Nikola
 21282 | Swamp:1  | Noticed Donald
 21313 | Swamp:1  | Killed Donald
 21380 | Swamp:1  | Noticed Nico3ck's ghost (adept FoFi)
 21419 | Swamp:1  | Killed Nico3ck's ghost
 22013 | Swamp:2  | Noticed Frances
 22292 | Swamp:2  | Killed Frances
 22662 | Swamp:2  | Reached skill level 19 in Axes
 22992 | Swamp:2  | Received a gift from Trog
 23078 | Swamp:2  | Reached XP level 17. HP: 76/119 MP: 13/17
 23448 | Spider:1 | Entered Level 1 of the Spider Nest
 23588 | Spider:1 | Noticed Kirke
 23609 | Spider:1 | Killed Kirke
 23688 | Spider:1 | Received a gift from Trog
 24017 | Spider:2 | Noticed Agnes
 24084 | Spider:2 | Killed Agnes
 24282 | Spider:2 | Identified a scroll of acquirement
 24315 | Spider:2 | You are sucked into a shaft!
 24330 | Spider:3 | Received a gift from Trog
 24431 | Spider:3 | Noticed Aizul
 24458 | Spider:3 | Killed Aizul
 24627 | Spider:2 | Noticed Asterion
 24647 | Spider:2 | Killed Asterion
 25167 | Spider:4 | Entered Level 4 of the Spider Nest
 25327 | Spider:4 | Reached XP level 18. HP: 127/127 MP: 18/18
 25628 | Spider:4 | Received a gift from Trog
 25658 | Spider:4 | Reached skill level 20 in Axes
 25826 | Spider:4 | Got a gossamer rune of Zot
 26554 | Swamp:3  | Received a gift from Trog
 27292 | Swamp:4  | Entered Level 4 of the Swamp
 27457 | Swamp:4  | Reached skill level 15 in Fighting
 27989 | Swamp:4  | Received a gift from Trog
 28004 | Swamp:4  | Reached XP level 19. HP: 123/136 MP: 17/19
 28066 | Swamp:4  | Reached skill level 15 in Armour
 28443 | Swamp:4  | Got a decaying rune of Zot
 28879 | Slime:1  | Entered Level 1 of the Pits of Slime
 28902 | Slime:1  | Gained mutation: Your magical capacity is low. (-10% MP) [a shining eye]
 28908 | Slime:1  | Gained mutation: You are weak. (Str -2) [a shining eye]
 28912 | Slime:1  | Gained mutation: Your spells are a little harder to cast, but a little more powerful. [a shining eye]
 28915 | Slime:1  | Reached skill level 15 in Shields
 28950 | Slime:1  | Gained mutation: You are clumsy. (Dex -2) [a shining eye]
 28956 | Slime:1  | Gained mutation: Armour fits poorly on your strangely shaped body. [a shining eye]
 28959 | Slime:1  | Gained mutation: Your body sometimes deteriorates upon taking damage. [a shining eye]
 29013 | Slime:1  | Received a gift from Trog
 29203 | Slime:2  | Reached skill level 21 in Axes
 29313 | Slime:2  | Lost mutation: You are robust. (+10% HP) [a shining eye]
 29315 | Slime:2  | Gained mutation: You occasionally shout uncontrollably at your foes. [a shining eye]
 29945 | Slime:3  | HP: 3/124 [acid (8)]
 30182 | Slime:3  | Received a gift from Trog
 30821 | Slime:4  | Lost mutation: Your spells are a little harder to cast, but a little more powerful. [a shining eye]
 30823 | Slime:4  | Gained mutation: You do not regenerate when monsters are visible. [a shining eye]
 30824 | Slime:4  | Gained mutation: Your magical capacity is very low. (-20% MP) [a shining eye]
 30826 | Slime:4  | Gained mutation: You are frail. (-10% HP) [a shining eye]
 30830 | Slime:4  | Gained mutation: You are dopey. (Int -2) [a shining eye]
 31121 | Elf:1    | Entered Level 1 of the Elven Halls
 31148 | Elf:1    | Reached XP level 20. HP: 117/117 MP: 16/16
 31202 | Elf:1    | Identified Dispater's Disquisition on Summoning
 31354 | Elf:1    | Found a radiant altar of Vehumet.
 31690 | Elf:1    | Received a gift from Trog
 32101 | Elf:1    | Found Peerist Dipp's Weapon Emporium.
 32129 | Elf:2    | Found a deep blue altar of Sif Muna.
 32152 | Elf:2    | Found a huge runed gate.
 32152 | Elf:2    | Found a huge runed gate.
 32152 | Elf:2    | Found a huge runed gate.
 32152 | Elf:2    | Found a huge runed gate.
 32154 | Elf:2    | Found a huge runed gate.
 32155 | Elf:2    | Found a huge runed gate.
 32156 | Elf:2    | Found a huge runed gate.
 32157 | Elf:2    | Found a huge runed gate.
 32159 | Elf:2    | Found a huge runed gate.
 32160 | Elf:2    | Found a huge runed gate.
 32168 | Elf:2    | Found a huge runed gate.
 32168 | Elf:2    | Found a huge runed gate.
 32168 | Elf:2    | Found a huge runed gate.
 32168 | Elf:2    | Found a huge runed gate.
 32168 | Elf:2    | Found a huge runed gate.
 32168 | Elf:2    | Found a huge runed gate.
 32168 | Elf:2    | Found a huge runed gate.
 32170 | Elf:2    | Found a huge runed gate.
 32195 | Elf:2    | Noticed a Tzitzimitl
 32223 | Elf:2    | Killed from afar by a deep elf annihilator

Vault maps used:
D:1:      lightli_arrival_windingriver
D:2:      grunt_temple_overflow_forces_of_nature, overflow_temple_1_default
D:3:      nicolae_ashenzari_panopticon, gup_sewer_entry_bowl,
          nicolae_dithmenos_shadow_blocks, uniq_jessica
D:4:      serial_forest, infiniplex_forest_corner_1, infiniplex_forest_clump_C,
          infiniplex_forest_3_way, infiniplex_forest_clump_curved,
          infiniplex_forest_straight_2, infiniplex_forest_clump_tiny,
          infiniplex_forest_zigzag_1, infiniplex_forest_clump_small,
          first_bread, nrook_loot_triangle, nicolae_ru_great_annihilating_truth,
          uniq_grinder, uniq_pikel, uniq_eustachio
D:5:      minmay_temple_entry_poolview, basic_altar, kennysheep_generic_room_4
D:6:      uniq_edmund, uniq_duvessa
D:7:      grunt_temple_overflow_magic_moments
D:8:      minitemple, serial_shops, shop, uniq_erica
D:9:      grunt_temple_overflow_open, lair_entry_dummy, orc_0_dummy,
          eino_tiny_chamber, uniq_gastronok
D:10:     special_room, grunt_tengu_nest, kennysheep_generic_room_6, uniq_sonja
D:11:     nicolae_lava_and_water, patterned_corridor
D:12:     kennysheep_blocky_room
D:13:     grunt_ministairs_14
D:14:     grunt_vaults_entry_tiered, minmay_parallelograms
D:15:     hangedman_depths_entry_try_elsewhere_first, basic_altar,
          serial_park_avenue1
Lair:1:   grunt_megastairs_1
Lair:2:   dummy_spider_entry, lab_entry_generic, serial_bayou_shore_a
Lair:3:   swamp_mist_pool, st_stairs_4, kennysheep_basilisk_garden, uniq_harold
Lair:4:   nicolae_quartered_pool_medium, grunt_megastairs_5
Lair:5:   nzn_motion_control, grunt_megastairs_3, serial_bayou_shore_b
Lair:6:   evilmike_catoblepas_cave, slime_altar_2
Swamp:1:  serial_swamp_ruin, evilmike_swamp_ruin_house_3,
          evilmike_swamp_ruin_house_2, evilmike_swamp_ruin_rubble_1,
          uniq_donald, uniq_nikola
Swamp:2:  cheibrodos_swamp_mausoleum, hangedman_swamp_diagram, swamp_pool1,
          uniq_frances
Swamp:3:  nicolae_swamp_fairy_circle, swamp_pool4
Swamp:4:  swamp_basic_johnstein, infiniplex_staircase_pool
Spider:1: uniq_kirke
Spider:2: uniq_asterion, uniq_agnes
Spider:3: uniq_aizul
Spider:4: grunt_spider_rune_circles, nicolae_spider_ant_collections
Orc:1:    portal_ice_cave_entry_pillars_1, uniq_josephine
Orc:2:    st_orc_ogre_mass, basic_altar
Elf:1:    elf_arrival_001, serial_shops, shop, basic_altar,
          minmay_elf_demonology
Elf:2:    serial_shops, shop_fountains, basic_altar, door_vault
Lab:      labyrinth_mini_lab, nicolae_lab_very_dead_end, nicolae_lab_plus,
          nicolae_lab_grate_2, labyrinth_lava_lair, nicolae_lab_blocks,
          nicolae_lab_t_cross, nicolae_lab_checkerboard
Sewer:    sewer_fruit_machine

Skill      XL: |  1  2  3  4  5  6  7  8  9 10 11 12 13 14 15 16 17 18 19 20 |
---------------+-------------------------------------------------------------+-----
Axes           | 3 4 5 7 9 10 11 12 14 16 18 19 20 21 | 21.6
Shields        | 2 4 6 7 9 10 11 12 13 14 15 | 15.8
Fighting       | 4 5 7 8 9 10 11 12 13 14 15 16 | 16.2
Armour         | 3 4 5 6 8 9 10 11 12 13 14 15 16 | 16.0
Dodging        | |  1.5

Action                   |  1- 3 |  4- 6 |  7- 9 | 10-12 | 13-15 | 16-18 | 19-21 || total
-------------------------+-------+-------+-------+-------+-------+-------+-------++-------
Melee: Hand axe          |   102 |   208 |   432 |    62 |       |       |       ||   804
       War axe           |       |       |       |   629 |    67 |       |       ||   696
       Peck              |       |       |       |   129 |   285 |   340 |   144 ||   898
       Broad axe         |       |       |       |       |  1162 |  1594 |   630 ||  3386
Invok: Berserk           |       |     3 |     4 |     7 |     5 |    12 |     4 ||    35
       Trog's Hand       |       |     1 |       |     1 |     1 |     2 |     3 ||     8
       Brothers in Arms  |       |       |       |       |     3 |     4 |     3 ||    10
 Abil: Fly               |       |       |       |       |     1 |       |       ||     1
Evoke: Wand              |       |       |       |     3 |       |     1 |       ||     4
  Use: Scroll            |       |     7 |     9 |     4 |    18 |    15 |     1 ||    54
       Potion            |       |       |       |     3 |       |     3 |     5 ||    11
 Stab: Paralysed         |       |       |     2 |       |       |       |       ||     2
       Petrified         |       |       |       |       |     6 |       |       ||     6
       Confused          |       |       |       |       |       |       |     1 ||     1
  Eat: Chunk             |     1 |     8 |    15 |    21 |    27 |    21 |     3 ||    96
       Royal jelly       |       |     1 |       |     1 |     2 |     1 |       ||     5
       Meat ration       |       |       |     2 |       |     2 |     1 |     2 ||     7
       Bread ration      |       |       |     1 |       |     1 |       |       ||     2
       Fruit             |       |       |       |       |     1 |    16 |    12 ||    29
Armor: Animal skin       |    21 |       |       |       |       |       |       ||    21
       Scale mail        |    29 |   133 |    70 |       |       |       |       ||   232
       Chain mail        |       |       |   172 |       |       |       |       ||   172
       Plate armour      |       |       |    10 |   503 |   782 |  1832 |   500 ||  3627
Dodge: Dodged            |    59 |   147 |   146 |   220 |   306 |   582 |   122 ||  1582
Block: Buckler           |       |    30 |    49 |   202 |       |       |       ||   281
       Shield            |       |       |       |   152 |   917 |  1227 |       ||  2296
       Reflection        |       |       |       |       |    31 |    13 |       ||    44
       Large shield      |       |       |       |       |       |    53 |   535 ||   588

Table legend:
 A = Spawn XP
 B = Non-spawn XP
 C = Spawn XP percentage of total XP
 D = Spawn monster count
 E = Non-spawn monster count
 F = Spawn count percentage of total count
 G = Total turns spent on level
                    A         B        C        D         E        F      G
               +---------+---------+-------+---------+---------+-------+---------
         Total |       0 |  426313 |   0.0 |       0 |    1376 |   0.0 | 32223
               +---------+---------+-------+---------+---------+-------+---------
           D:1 |       0 |      43 |   0.0 |       0 |      22 |   0.0 |  1211
           D:2 |       0 |     109 |   0.0 |       0 |      26 |   0.0 |   680
           D:3 |       0 |     404 |   0.0 |       0 |      27 |   0.0 |   943
           D:4 |       0 |    1401 |   0.0 |       0 |      23 |   0.0 |  1134
           D:5 |       0 |     321 |   0.0 |       0 |      15 |   0.0 |   532
           D:6 |       0 |     212 |   0.0 |       0 |       3 |   0.0 |    92
           D:7 |       0 |     938 |   0.0 |       0 |      25 |   0.0 |   844
           D:8 |       0 |    2653 |   0.0 |       0 |      33 |   0.0 |   838
           D:9 |       0 |    5492 |   0.0 |       0 |      37 |   0.0 |   996
          D:10 |       0 |    4638 |   0.0 |       0 |      49 |   0.0 |   789
          D:11 |       0 |    4565 |   0.0 |       0 |      33 |   0.0 |   742
          D:12 |       0 |    6909 |   0.0 |       0 |      48 |   0.0 |   903
          D:13 |       0 |    5736 |   0.0 |       0 |      29 |   0.0 |   891
          D:14 |       0 |   12431 |   0.0 |       0 |      41 |   0.0 |   803
          D:15 |       0 |   13205 |   0.0 |       0 |      32 |   0.0 |   939
        Lair:1 |       0 |    7746 |   0.0 |       0 |      34 |   0.0 |  1560
        Lair:2 |       0 |    3884 |   0.0 |       0 |      17 |   0.0 |  1152
        Lair:3 |       0 |    8809 |   0.0 |       0 |      34 |   0.0 |   849
        Lair:4 |       0 |    5192 |   0.0 |       0 |      20 |   0.0 |   840
        Lair:5 |       0 |   11359 |   0.0 |       0 |      37 |   0.0 |   994
        Lair:6 |       0 |   21002 |   0.0 |       0 |      54 |   0.0 |  1245
       Swamp:1 |       0 |   13044 |   0.0 |       0 |      24 |   0.0 |  1166
       Swamp:2 |       0 |   28077 |   0.0 |       0 |      73 |   0.0 |  1297
       Swamp:3 |       0 |   16304 |   0.0 |       0 |      34 |   0.0 |   808
       Swamp:4 |       0 |   37957 |   0.0 |       0 |      80 |   0.0 |  1469
      Spider:1 |       0 |   12437 |   0.0 |       0 |      33 |   0.0 |   581
      Spider:2 |       0 |   25576 |   0.0 |       0 |      66 |   0.0 |   603
      Spider:3 |       0 |   11377 |   0.0 |       0 |      29 |   0.0 |   579
      Spider:4 |       0 |   40548 |   0.0 |       0 |      82 |   0.0 |  1237
       Slime:1 |       0 |   14297 |   0.0 |       0 |      30 |   0.0 |   334
       Slime:2 |       0 |   19446 |   0.0 |       0 |      28 |   0.0 |   897
       Slime:3 |       0 |   18431 |   0.0 |       0 |      40 |   0.0 |   680
       Slime:4 |       0 |   13412 |   0.0 |       0 |      19 |   0.0 |   182
         Orc:1 |       0 |    2871 |   0.0 |       0 |      22 |   0.0 |   500
         Orc:2 |       0 |   25753 |   0.0 |       0 |     109 |   0.0 |   852
         Elf:1 |       0 |   15729 |   0.0 |       0 |      24 |   0.0 |  1007
         Elf:2 |       0 |   12667 |   0.0 |       0 |      15 |   0.0 |    95
           Lab |       0 |    1254 |   0.0 |       0 |       3 |   0.0 |   203
         Sewer |       0 |      84 |   0.0 |       0 |      26 |   0.0 |   756
               +---------+---------+-------+---------+---------+-------+---------
